 Dungeon Crawl Stone Soup version 0.29.1-15-g9cfb28693d (webtiles) character file.

Game seed: 8551653297228448833

55 Mickster the Shield-Bearer (level 3, -3/31 HPs)
             Began as a Demigod Fighter on Mar 23, 2023.
             Slain by Terence
             ... wielding a +0 mace
              (7 damage)
             ... on level 3 of the Dungeon.
             The game lasted 00:12:57 (1443 turns).

Mickster the Shield-Bearer (Demigod Fighter)        Turns: 1443, Time: 00:13:00

Health: -3/31      AC:  0    Str: 21    XL:     3   Next: 45%
Magic:  5/5        EV: 13    Int: 10    God:
Gold:   80         SH:  0    Dex: 13    Spells: 2/2 levels left

rFire   . . .      SeeInvis .   (weapon currently unavailable)
rCold   . . .      Faith    .   (shield currently unavailable)
rNeg    . . .      Spirit   .   (body armour currently unavailable)
rPois   .          Reflect  .   (helmet currently unavailable)
rElec   .          Harm     .   (cloak currently unavailable)
rCorr   .          Rampage  .   (gloves currently unavailable)
Will    .....                   (boots currently unavailable)
Stlth   +.........              (no amulet)
HPRegen 0.10/turn               (ring currently unavailable)
MPRegen 0.09/turn               (ring currently unavailable)

@: mighty, pig-form, very quick
A: fast, no casting, small, high MP 1, forlorn, divine attributes
a: no special abilities


You were on level 3 of the Dungeon.
You were a filthy swine.
You visited 1 branch of the dungeon, and saw 3 of its levels.

You collected 80 gold pieces.

Inventory:

Hand Weapons
 a - a +0 war axe
 h - a +4 short sword (melded)
Missiles
 f - 7 stones (quivered)
Armour
 b - a +0 scale mail (melded)
 c - a +0 buckler (melded)
 g - a +2 cloak (melded)
Jewellery
 e - a ring of protection from fire (melded)
 i - a ring of see invisible (melded)
Scrolls
 j - a scroll of teleportation
Potions
 k - a potion of curing


   Skills:
 + Level 3.0 Fighting
 * Level 1.3 Short Blades
 - Level 2.0 Axes
 + Level 3.0 Armour
 + Level 0.2 Dodging
 + Level 3.2 Shields


You had 2 spell levels left.
You didn't know any spells.
Your spell library was empty.

Dungeon Overview and Level Annotations

Branches:
Dungeon (3/15)

Annotations:
D:3 Ijyb, Terence


Innate Abilities, Weirdness & Mutations

You are a filthy swine.
You move quickly.
Your equipment is almost entirely melded.
You are incapable of wielding weapons or throwing items.
You cannot cast spells.
You have an increased reservoir of magic. (+10% MP)
You shall have no god before yourself.
Your divine heritage dramatically boosts your attributes as you level up.


Message History

You hit the endoplasm.
The endoplasm is heavily wounded.
The endoplasm freezes you.
You are frozen.
You barely miss the endoplasm.
The endoplasm is heavily wounded.
The endoplasm hits you but does no damage.
You hit the endoplasm.
You kill the endoplasm!
There is a stone staircase leading down here.
You climb downwards.
Ijyb shouts!
There is a stone staircase leading up here.
You feel very mighty all of a sudden.
Ijyb zaps a wand.
You resist with some effort.
Ijyb zaps a wand.
You turn into a filthy swine.
Your +4 short sword melds into your body.
Your +2 cloak melds into your body.
Your +0 buckler melds into your body.
Your +0 scale mail melds into your body.
Your ring of protection from fire melds into your body.
Your ring of see invisible melds into your body.
Terence the Incautious comes into view.
He is wielding a +0 mace.
Terence shouts!
Terence drinks a potion.
Terence suddenly seems more resistant.
You barely miss Ijyb. Ijyb hits you with a +0 club.
You closely miss Ijyb.
Ijyb grins evilly.
Ijyb hits you with a +0 club.
You closely miss Ijyb. Ijyb closely misses you.
You closely miss Ijyb. Ijyb barely misses you.
You closely miss Ijyb. Ijyb hits you with a +0 club.
You closely miss Ijyb. Ijyb hits you with a +0 club!
You closely miss Ijyb. Ijyb closely misses you. Terence barely misses you.
You hit Ijyb.
Ijyb is lightly wounded.
Ijyb hits you with a +0 club!
* * * LOW HITPOINT WARNING * * *
A hobgoblin comes into view.
Terence hits you with a +0 mace!
You die...

.. g.. #. ... ..#
.... .. .....
#.###.....
.........
##g@......
#.######.h##.....
#....<...........
#.....###..#.##..
#.....# .......
#............#.#.#
...........#### #
# .##......##
........#
........#


You could see Ijyb, Terence (resistant) and a hobgoblin (wandering).

Vanquished Creatures
  An adder (D:2)
  A dart slug (D:2)
  3 ball pythons
  A bat (D:1)
  5 endoplasms (D:2)
  A giant cockroach (D:2)
  6 goblins
  4 hobgoblins
  2 jackals (D:2)
  4 quokkas
  A frilled lizard (D:2)
  5 kobolds
  6 rats
40 creatures vanquished.

Vanquished Creatures (others)
  A fungus (D:2)
  4 plants
5 creatures vanquished.

Grand Total: 45 creatures vanquished

Notes
Turn   | Place    | Note
-------+----------+-------------------------------------------
     0 | D:1      | Mickster the Demigod Fighter began the quest for the Orb.
     0 | D:1      | Reached XP level 1. HP: 18/18 MP: 3/3
   425 | D:1      | Reached XP level 2. HP: 25/25 MP: 4/4
   860 | D:2      | Reached XP level 3. HP: 24/31 MP: 5/5
  1099 | D:2      | Reached skill level 1 in Short Blades
  1429 | D:3      | Noticed Ijyb
  1435 | D:3      | Noticed Terence
  1443 | D:3      | Slain by Terence

Illustrated notes

Levels and vault maps discovered:
D:1:      lightli_arrival_flooded_house, layout_rooms,
          hangedman_decor_clover_reticule
D:2:      layout_rooms, basic_altar,
          dreamdust_ecumenical_altar_hidden_monk_grotto, minmay_tetromino_i2
D:3:      layout_rooms, kennysheep_jessica_study, uniq_sigmund, uniq_natasha,
          uniq_ijyb, uniq_terence

Skill      XL: |  1  2  3 |
---------------+----------+-----
Shields        | 3 |  3.2
Axes           | 2 |  2.0
Armour         | 3 |  3.0
Fighting       | 3 |  3.0
Short Blades   | 1 |  1.3
Dodging        | |  0.2

Action                   || total
-------------------------++-------
Melee: War axe           ||    50
       Short sword       ||    72
       Unarmed           ||     8
  Use: Scroll            ||     7
       Potion            ||     3
Armor: Scale mail        ||    48
Dodge: Dodged            ||    52
Block: Buckler           ||    25
